[Event "Titled Tuesday Blitz April 05 Late 2022"]
[White "Kohler, Aran"]
[Black "Danilov, Vladimir"]
[WhiteFideId "1002856"]
[BlackFideId "1203398"]
[WhiteElo "2302"]
[BlackElo "2227"]
[Result "1-0"]
[Round "03"]
[TimeControl "180+1"]
[Date "2022.04.06"]
[WhiteClock "0:00:13"]
[BlackClock "0:01:15"]

1. d4 d5 2. Bf4 c6 3. c3 Bf5 4. Nd2 e6 5. e3 Nd7 6. g4 Bg6 7. h4 h5 8. g5 Ne7 9. Qb3 Qb6 10. Ngf3 Qxb3 11. axb3 a6 12. b4 O-O-O 13. Rxa6 e5 14. Ra8+ Kc7 15. Rxd8 Kxd8 16. Nxe5 Nxe5 17. Bxe5 Nf5 18. Be2 Kd7 19. Nf1 Bd6 20. Bxd6 Kxd6 21. Kd2 Ra8 22. Bd3 Ra2 23. Kc1 Ra1+ 24. Kd2 Nxh4 25. Rxh4 Bxd3 26. Kxd3 Rxf1 27. Rxh5 Rxf2 28. Rh7 g6 29. b3 Rf5 30. e4 dxe4+ 31. Kxe4 Ke7 32. c4 Rxg5 33. Rh8 Rg3 34. Rb8 Rxb3 35. Rxb7+ Ke6 36. Rb6 Ke7 37. d5 cxd5+ 38. Kxd5 g5 39. Rb7+ Ke8 40. c5 g4 41. c6 Rc3 42. Rb8+ Ke7 43. Rg8 f5 44. b5 g3 45. b6 f4 46. b7 Rb3 47. b8=Q Rxb8 48. Rxb8 g2 49. c7 g1=Q 50. c8=Q Qd1+ 51. Ke5 Qe2+ 52. Kf5 Qh5+ 53. Kxf4 Qh2+ 54. Ke3 Qg1+ 55. Kd2 Qg5+ 56. Kc2 Qg2+ 57. Kb3 Qg3+ 58. Kb4 Qf4+ 59. Ka5 Qd2+ 60. Rb4 Qa2+ 61. Kb6 Qf2+ 62. Qc5+ Qxc5+ 63. Kxc5 1-0


[Site "https://www.chess.com"]

[Event "Titled Tuesday Blitz April 05 Late 2022"]
[White "Korchmar, Vasiliy"]
[Black "Fedoseev, Vladimir"]
[WhiteFideId "24131750"]
[BlackFideId "24130737"]
[WhiteElo "2370"]
[BlackElo "2726"]
[Result "0-1"]
[Round "03"]
[TimeControl "180+1"]
[Date "2022.04.05"]
[WhiteClock "0:00:13"]
[BlackClock "0:01:00"]

1. d4 Nf6 2. Bf4 d5 3. e3 c5 4. Nf3 Nc6 5. Nbd2 Bf5 6. dxc5 e6 7. Nd4 Bxc5 8. Nxf5 exf5 9. Bd3 Qd7 10. c3 O-O 11. O-O Rfe8 12. Qc2 Ne4 13. Rad1 Rad8 14. Nxe4 fxe4 15. Be2 Qe6 16. Rd2 a6 17. Rfd1 Rd7 18. Bc4 Red8 19. Be2 h6 20. h3 f5 21. a4 Kh7 22. Qb3 Ne5 23. Qa2 g5 24. Bh2 f4 25. exf4 gxf4 26. Bxf4 Rg7 27. Bxe5 Qxe5 28. Rxd5 Bxf2+ 29. Kxf2 Qg3+ 30. Kf1 Rf8+ 31. Bf3 Qxg2+ 32. Ke1 Rxf3 0-1


[Site "https://www.chess.com"]

[Event "Titled Tuesday Blitz April 05 Late 2022"]
[White "Kostiukov, Alexandr"]
[Black "Khripachenko, Alexander"]
[WhiteFideId "14108100"]
[BlackFideId "54184975"]
[WhiteElo "2202"]
[BlackElo "2193"]
[Result "0-1"]
[Round "03"]
[TimeControl "180+1"]
[Date "2022.04.06"]
[WhiteClock "0:00:03"]
[BlackClock "0:01:04"]

1. g3 Nf6 2. Bg2 g6 3. c4 Bg7 4. Nf3 O-O 5. O-O d5 6. cxd5 Nxd5 7. Nc3 Nb6 8. d4 Nc6 9. e3 a5 10. Re1 a4 11. d5 Nb4 12. e4 a3 13. Rb1 c6 14. Nd4 axb2 15. Rxb2 c5 16. Ndb5 Bd7 17. e5 Bxb5 18. Nxb5 N4xd5 19. Rd2 e6 20. Nd6 Qc7 21. Qb3 c4 22. Qb1 c3 23. Rc2 Ra5 24. Bg5 Rfa8 25. Ne4 Bxe5 26. Rec1 Bg7 27. h4 h6 28. Bf4 Nxf4 29. gxf4 Nd5 30. Nxc3 Nxc3 31. Qb3 Ra3 32. Qb4 R3a4 33. Qb3 Rc4 0-1


[Site "https://www.chess.com"]

[Event "Titled Tuesday Blitz April 05 Late 2022"]
[White "Kozak, Antoni"]
[Black "Arnold, Ken"]
[WhiteFideId "21832030"]
[BlackFideId "2056836"]
[WhiteElo "2236"]
[BlackElo "2210"]
[Result "1-0"]
[Round "03"]
[TimeControl "180+1"]
[Date "2022.04.06"]
[WhiteClock "0:01:35"]
[BlackClock "0:00:49"]

1. Nf3 d5 2. e3 Nf6 3. c4 e6 4. Nc3 c5 5. cxd5 exd5 6. d4 Nc6 7. g3 Be6 8. Bg2 Be7 9. dxc5 Bxc5 10. O-O O-O 11. b3 d4 12. Na4 Bb6 13. Nxb6 Qxb6 14. exd4 Rad8 15. Bb2 Bg4 16. h3 Bxf3 17. Qxf3 Nxd4 18. Qxb7 Ne2+ 19. Kh2 Rd2 20. Qxb6 axb6 21. Bxf6 gxf6 22. Rfd1 Rfd8 23. Rxd2 Rxd2 24. a4 Nd4 25. b4 Rxf2 26. a5 bxa5 27. bxa5 Nb5 28. a6 Na7 29. Kg1 Rc2 30. Bf1 Rc3 31. Kf2 Kf8 32. Rb1 Rc7 33. Ke3 Ke7 34. Kd4 Kd6 35. Rb6+ Rc6 36. Rb7 Rc7 37. Rxc7 Kxc7 38. Kc5 h6 39. Bc4 1-0


[Site "https://www.chess.com"]

[Event "Titled Tuesday Blitz April 05 Late 2022"]
[White "Kozin, Yuri"]
[Black "Van Foreest, Jorden"]
[WhiteFideId "4129920"]
[BlackFideId "1039784"]
[WhiteElo "2524"]
[BlackElo "2609"]
[Result "1-0"]
[Round "03"]
[TimeControl "180+1"]
[Date "2022.04.05"]
[WhiteClock "0:00:16"]
[BlackClock "0:01:09"]

1. e4 c5 2. Nf3 Nc6 3. d4 cxd4 4. Nxd4 Nf6 5. Nc3 e5 6. Ndb5 d6 7. Bg5 a6 8. Na3 Be7 9. Bxf6 Bxf6 10. Nc4 Be7 11. Nd5 O-O 12. Ncb6 Rb8 13. a4 Bg5 14. Bc4 Be6 15. O-O Kh8 16. c3 g6 17. Qd3 f5 18. f3 Ne7 19. Kh1 Nxd5 20. Bxd5 Qxb6 21. Bxe6 fxe4 22. fxe4 Kg7 23. b4 h5 24. a5 Qc7 25. Qg3 Bf4 26. Qd3 Rf6 27. Bd5 Rbf8 28. c4 h4 29. Rf3 g5 30. b5 Qc5 31. bxa6 bxa6 32. h3 Bg3 33. Raf1 Rxf3 34. Rxf3 Rf4 35. Rxf4 Bxf4 36. Qb1 Qxa5 37. Qb7+ Kh6 38. Qb1 Qc3 39. Qd1 a5 40. Bf7 Kg7 41. Bd5 a4 42. Qb1 a3 43. c5 Qb4 44. Qxb4 1-0


[Site "https://www.chess.com"]

[Event "Titled Tuesday Blitz April 05 Late 2022"]
[White "Kujawski, Adam"]
[Black "Mangialardo, Tiago Carvalho"]
[WhiteFideId "1100920"]
[BlackFideId "2130718"]
[WhiteElo "2053"]
[BlackElo "2056"]
[Result "1-0"]
[Round "03"]
[TimeControl "180+1"]
[Date "2022.04.06"]
[WhiteClock "0:00:52"]
[BlackClock "0:00:02"]

1. e4 e5 2. Nf3 Nc6 3. Bb5 a6 4. Ba4 Nf6 5. O-O Be7 6. Re1 d6 7. Bxc6+ bxc6 8. d4 exd4 9. Nxd4 Bb7 10. Nc3 O-O 11. Nf5 Re8 12. Qf3 Bc8 13. Nxe7+ Qxe7 14. Bg5 h6 15. Bxf6 Qxf6 16. Qxf6 gxf6 17. f3 Be6 18. Kf2 Rab8 19. b3 Kg7 20. Rad1 Re7 21. Re3 Rbe8 22. Rde1 Kf8 23. g4 Kg7 24. Kg3 Bc8 25. Kf4 Bb7 26. h4 a5 27. a4 c5 28. Nd1 c6 29. h5 d5 30. exd5 Rxe3 31. Nxe3 cxd5 32. Nf5+ Kf8 33. Rxe8+ Kxe8 34. Nxh6 d4 35. Nf5 Bd5 36. h6 Kf8 37. h7 1-0


[Site "https://www.chess.com"]

[Event "Titled Tuesday Blitz April 05 Late 2022"]
[White "Ladan, Nicholas"]
[Black "Spata, German"]
[WhiteFideId "30918855"]
[BlackFideId "113026"]
[WhiteElo "2167"]
[BlackElo "2238"]
[Result "1-0"]
[Round "03"]
[TimeControl "180+1"]
[Date "2022.04.06"]
[WhiteClock "0:01:51"]
[BlackClock "0:02:10"]

1. d4 e6 2. Bf4 Nf6 3. e3 b6 4. Qf3 d5 5. c4 Bb4+ 6. Nc3 Ne4 7. Rc1 O-O 8. a3 Bxc3+ 9. bxc3 Bb7 10. cxd5 exd5 11. Bd3 f5 12. Ne2 c5 13. Qh3 c4 14. Bb1 Nc6 15. f3 Nd6 16. Qg3 Ne8 17. O-O Na5 18. Be5 Nb3 19. Rcd1 g6 20. Nf4 Ng7 21. Bxg7 1-0


[Site "https://www.chess.com"]

[Event "Titled Tuesday Blitz April 05 Late 2022"]
[White "Li, Ben"]
[Black "Maghsoodloo, Parham"]
[WhiteFideId "2089980"]
[BlackFideId "12539929"]
[WhiteElo "2267"]
[BlackElo "2630"]
[Result "1/2-1/2"]
[Round "03"]
[TimeControl "180+1"]
[Date "2022.04.05"]
[WhiteClock "0:00:08"]
[BlackClock "0:00:05"]

1. d4 Nf6 2. c4 e6 3. Nf3 d5 4. Nc3 dxc4 5. e4 b5 6. e5 Nd5 7. Nxb5 Nb6 8. Be3 Nc6 9. Be2 Bb4+ 10. Nc3 O-O 11. O-O Rb8 12. Ne4 Be7 13. b3 cxb3 14. axb3 Bb7 15. Qb1 Nd5 16. Rc1 a5 17. Nc5 Ba8 18. Bd3 h6 19. Be4 Rb5 20. Qd3 Rb6 21. Qd2 Nxe3 22. Qxe3 Rb4 23. Bxc6 Bxc6 24. Nxe6 fxe6 25. Rxc6 Qd5 26. Rc3 Rfb8 27. Qe1 c5 28. dxc5 Bxc5 29. Rd1 Qc6 30. Rdc1 R8b5 31. Qd1 Qb6 32. Qd7 Rxb3 33. Qe8+ Kh7 34. h4 Rxc3 35. Rxc3 Bxf2+ 36. Kh2 Rc5 37. Rd3 Rd5 38. Ng5+ hxg5 39. Qh5+ Kg8 40. Qe8+ Kh7 41. Qh5+ Kg8 42. Qe8+ Kh7 1/2-1/2


[Site "https://www.chess.com"]

[Event "Titled Tuesday Blitz April 05 Late 2022"]
[White "Martin Barcelo, Carles"]
[Black "Diaz Perez, Michel Alejandro"]
[WhiteFideId "24561444"]
[BlackFideId "3517179"]
[WhiteElo "1875"]
[BlackElo "2313"]
[Result "1-0"]
[Round "03"]
[TimeControl "180+1"]
[Date "2022.04.06"]
[WhiteClock "0:00:17"]
[BlackClock "0:00:16"]

1. e4 c5 2. Nf3 d6 3. Bb5+ Bd7 4. Bxd7+ Qxd7 5. c4 Nc6 6. Nc3 g6 7. d4 cxd4 8. Nxd4 Bg7 9. Be3 Rc8 10. f3 Nf6 11. b3 O-O 12. Qd2 a6 13. Nxc6 Qxc6 14. Rc1 b5 15. cxb5 axb5 16. O-O Qb7 17. Qd3 b4 18. Qb5 Rb8 19. Qxb7 Rxb7 20. Na4 Nd7 21. Rc2 f5 22. exf5 gxf5 23. Bg5 Kf7 24. Re1 e5 25. Rd1 h6 26. Bh4 Nc5 27. Nxc5 dxc5 28. Rxc5 Ra8 29. Rd2 Ra6 30. Bg3 Ke6 31. Rc8 Rd6 32. Rxd6+ Kxd6 33. Rc4 Kd5 34. Bf2 Bf8 35. Kf1 Rb8 36. Ke2 Ra8 37. Rc2 Bd6 38. h3 h5 39. Kd3 e4+ 40. fxe4+ fxe4+ 41. Ke2 Bf4 42. g4 hxg4 43. hxg4 Bd6 44. Rd2+ Ke6 45. Rd4 Ke5 46. Rd2 Be7 47. Bg3+ Ke6 48. Ke3 Rg8 49. Kxe4 Rxg4+ 50. Kf3 Rg8 51. Bf2 Ra8 52. Ke4 Bf6 53. Bc5 Bc3 54. Rc2 Rh8 55. a4 Rh4+ 56. Kd3 Kd5 57. Be3 Rh3 58. Rg2 Be5 59. Rg5 Ke6 60. Ke4 Rh4+ 61. Kd3 Bf6 62. Rb5 Rh3 63. Ke4 Rh4+ 64. Kf3 Rh3+ 65. Ke2 Bc3 66. Bc5 Rh4 67. Kd3 Rh3+ 68. Kc2 Rh2+ 69. Kd3 Rh3+ 70. Ke4 Rh4+ 71. Kf3 Kd7 72. a5 Kc6 73. Be7 Rh3+ 74. Kg4 Re3 75. Bg5 Re4+ 76. Kf5 Rd4 77. Re5 Rd1 78. Re6+ Kb5 79. a6 Rf1+ 80. Kg6 Ra1 81. Kf7 Rxa6 82. Rxa6 Kxa6 83. Ke6 Kb5 84. Kd5 Bd2 85. Bxd2 Ka5 86. Kc4 Kb6 87. Bxb4 Kc6 88. Bc3 Kb6 89. b4 Ka6 90. b5+ Kb6 91. Kb4 Kb7 92. Kc5 Kb8 93. b6 Kb7 94. Kb5 Kb8 95. Kc6 Kc8 96. b7+ Kb8 97. Be5+ Ka7 98. b8=Q+ Ka6 99. Qb6# 1-0


[Site "https://www.chess.com"]

[Event "Titled Tuesday Blitz April 05 Late 2022"]
[White "Martinez Alcantara, Jose Eduardo"]
[Black "Mekhitarian, Krikor Sevag"]
[WhiteFideId "3805662"]
[BlackFideId "2107660"]
[WhiteElo "2690"]
[BlackElo "2598"]
[Result "1-0"]
[Round "03"]
[TimeControl "180+1"]
[Date "2022.04.05"]
[WhiteClock "0:00:06"]
[BlackClock "0:00:03"]

1. e4 c5 2. Nf3 g6 3. Bc4 Nc6 4. d3 Bg7 5. a3 d6 6. Nc3 Nf6 7. Ba2 O-O 8. O-O Rb8 9. h3 b5 10. Bf4 e5 11. Bg5 h6 12. Bxf6 Bxf6 13. Nd5 Bg7 14. b4 Kh7 15. Rb1 a5 16. c3 Be6 17. Qd2 Qd7 18. Ne3 f5 19. Bxe6 Qxe6 20. Qe2 axb4 21. axb4 cxb4 22. cxb4 Rbe8 23. Nd5 Qf7 24. Rbc1 Ne7 25. Rc7 Qe6 26. Nc3 d5 27. Nxb5 fxe4 28. dxe4 d4 29. Rc5 Qb6 30. Rfc1 Rc8 31. Qc4 Rxc5 32. bxc5 Qc6 33. Nd6 Rd8 34. Qe6 Qd7 35. Qxd7 Rxd7 36. Ne1 Nc6 37. Nd3 Bf8 38. Nc4 Rc7 39. Rb1 Kg7 40. g3 Be7 41. h4 Bf6 42. Rb6 Nd8 43. Rd6 Nf7 44. Rd5 h5 45. Kg2 Re7 46. Nb6 g5 47. hxg5 Nxg5 48. f3 Nf7 49. Nd7 Re6 50. Nb4 h4 51. c6 Bd8 52. gxh4 Rg6+ 53. Kf1 d3 54. Rxd3 Ba5 55. Nd5 Rxc6 56. Ne3 Rc1+ 57. Kg2 Nh6 58. Nxe5 Bc7 59. N5g4 Nf7 60. Nf5+ Kf8 61. Rd7 Ke8 62. Nf6+ Kf8 63. Kf2 Rc2+ 64. Ke3 Ne5 65. Nh7+ Ke8 66. Nf6+ Kf8 67. Nh7+ Ke8 68. Re7+ Kd8 69. Nf6 Bb6+ 70. Kf4 Nc6 71. Re6 Kc7 72. Nd5+ Kb7 73. Nxb6 Nd8 74. Rd6 Nf7 75. Rf6 Rc7 76. Nd5 1-0


[Site "https://www.chess.com"]

[Event "Titled Tuesday Blitz April 05 Late 2022"]
[White "Matlakov, Maxim"]
[Black "Kosakowski, Jakub"]
[WhiteFideId "4168003"]
[BlackFideId "1185080"]
[WhiteElo "2669"]
[BlackElo "2454"]
[Result "0-1"]
[Round "03"]
[TimeControl "180+1"]
[Date "2022.04.05"]
[WhiteClock "0:00:10"]
[BlackClock "0:00:18"]

1. e4 c6 2. d4 d5 3. e5 c5 4. Nf3 cxd4 5. Nxd4 e6 6. Bd3 Ne7 7. O-O Nbc6 8. Nxc6 Nxc6 9. Re1 Be7 10. c3 O-O 11. Nd2 f6 12. Qh5 f5 13. Qe2 Bd7 14. Nf3 Rc8 15. Bd2 Be8 16. Nd4 Nxd4 17. cxd4 Qb6 18. Bc3 Bb4 19. Rac1 Bd7 20. h4 Rc6 21. Bb5 Rxc3 22. Bxd7 Rxc1 23. Rxc1 Rd8 24. Bc8 Re8 25. Qh5 g6 26. Qd1 Be7 27. Qa4 Kf7 28. Rc2 Bxh4 29. g3 Be7 30. Kg2 h5 31. a3 h4 32. Qd7 Rd8 33. Qxb7 Qxd4 34. Qc6 Qe4+ 35. f3 Qxe5 36. Qc7 Qxc7 37. Rxc7 hxg3 38. Kxg3 d4 39. Kf2 d3 40. Ke1 Kf6 41. Ba6 Bd6 42. Rc6 Bf4 43. Bc4 d2+ 44. Kd1 Rh8 45. Rxe6+ Kg5 46. Be2 Rh1+ 47. Kc2 Rc1+ 48. Kb3 d1=Q+ 49. Bxd1 Rxd1 50. Re7 Rd3+ 51. Kc4 Rxf3 52. Rxa7 Rf2 53. b4 Kh4 54. Rh7+ Kg3 55. a4 g5 56. a5 g4 57. a6 Ra2 58. b5 Be3 59. Re7 f4 60. Kb3 Ra1 61. Kc4 Kf3 62. Kd5 g3 63. Kc6 g2 64. b6 Rxa6 65. Kd5 Rxb6 66. Rg7 g1=Q 0-1


[Site "https://www.chess.com"]

[Event "Titled Tuesday Blitz April 05 Late 2022"]
[White "Melkumyan, Hrant"]
[Black "Mikhailov, Viacheslav"]
[WhiteFideId "13302485"]
[BlackFideId "4187369"]
[WhiteElo "2604"]
[BlackElo "2381"]
[Result "1-0"]
[Round "03"]
[TimeControl "180+1"]
[Date "2022.04.05"]
[WhiteClock "0:01:22"]
[BlackClock "0:00:26"]

1. c4 Nf6 2. g3 g6 3. Bg2 Bg7 4. Nc3 O-O 5. d4 d6 6. Nf3 Nc6 7. O-O Bf5 8. Ne1 Qd7 9. e4 Bh3 10. Nc2 Bxg2 11. Kxg2 h5 12. h3 e5 13. d5 Ne7 14. Be3 Nh7 15. c5 f5 16. cxd6 cxd6 17. exf5 Nxf5 18. Ne4 Rf7 19. Qd3 a6 20. Rac1 Raf8 21. Na3 Nf6 22. Nc4 Nxe4 23. Qxe4 Nxe3+ 24. Nxe3 Kh7 25. Rc2 Rc8 26. Rfc1 Rxc2 27. Rxc2 Qb5 28. a4 Qd7 29. Nf1 Bh6 30. Nh2 Qd8 31. Nf3 Qb6 32. b4 a5 33. bxa5 Qxa5 34. Rc8 Kg7 35. Re8 Qb6 36. Re6 Rf6 37. Rxf6 Kxf6 38. Nh4 Bc1 39. Qxg6+ Ke7 40. Nf5+ Kd8 41. Qxd6+ Qxd6 42. Nxd6 Kc7 43. Nc4 e4 44. g4 h4 45. f3 e3 46. Kf1 1-0


[Site "https://www.chess.com"]

[Event "Titled Tuesday Blitz April 05 Late 2022"]
[White "Migot, Tangi"]
[Black "Murzin, Volodar"]
[WhiteFideId "662445"]
[BlackFideId "44155573"]
[WhiteElo "2520"]
[BlackElo "2585"]
[Result "0-1"]
[Round "03"]
[TimeControl "180+1"]
[Date "2022.04.06"]
[WhiteClock "0:01:59"]
[BlackClock "0:02:38"]

1. Nf3 Nf6 2. g3 g6 3. Bg2 Bg7 4. O-O O-O 5. d4 d6 6. a4 Nbd7 7. Nc3 e5 8. dxe5 dxe5 9. a5 c6 10. Nd2 Qc7 11. Nc4 Rd8 12. Qd6 Qxd6 13. Nxd6 Nc5 14. Nxc8 Raxc8 15. Be3 Bf8 16. Rfd1 a6 17. Kf1 Ng4 18. Bxc5 Bxc5 19. Bh3 Nxf2 20. Bxc8 Nxd1 21. Bxb7 Ne3+ 0-1


[Site "https://www.chess.com"]

[Event "Titled Tuesday Blitz April 05 Late 2022"]
[White "Mikhnenko, Alexander"]
[Black "Fiedorek, Michal"]
[WhiteFideId "34143014"]
[BlackFideId "1199528"]
[WhiteElo "2117"]
[BlackElo "1833"]
[Result "1-0"]
[Round "03"]
[TimeControl "180+1"]
[Date "2022.04.06"]
[WhiteClock "0:00:10"]
[BlackClock "0:00:01"]

1. e4 c5 2. Nf3 d6 3. d4 cxd4 4. Nxd4 Nf6 5. Nc3 Nc6 6. Bc4 e6 7. Be3 Be7 8. Qe2 a6 9. O-O-O Nxd4 10. Bxd4 b5 11. Bb3 Bb7 12. e5 dxe5 13. Bxe5 Qb6 14. Rhg1 O-O 15. g4 b4 16. g5 Ne8 17. Ne4 a5 18. Rg3 Kh8 19. Rh3 Rc8 20. Bc4 Bxe4 21. Qxe4 Bxg5+ 22. f4 f5 23. Qf3 Bf6 24. Qh5 h6 25. Bb3 Bxe5 26. fxe5 Qf2 27. Kb1 Nc7 28. Rg3 Qf4 29. Qg6 Rg8 30. a3 bxa3 31. Rd7 Qf1+ 32. Ka2 axb2 33. Kxb2 Ne8 34. Rh3 Qf4 35. Qg3 Qxg3 36. Rxg3 f4 37. Rg6 Nc7 38. Bxe6 Nxe6 39. Rxe6 f3 40. Rd2 Rgf8 41. Rf2 Rf4 42. Rd6 Rb4+ 43. Kc1 1-0


[Site "https://www.chess.com"]

[Event "Titled Tuesday Blitz April 05 Late 2022"]
[White "Mohammadian, Mohammad"]
[Black "Villegas, Pierre"]
[WhiteFideId "12566055"]
[BlackFideId "654183"]
[WhiteElo "1544"]
[BlackElo "2386"]
[Result "0-1"]
[Round "03"]
[TimeControl "180+1"]
[Date "2022.04.06"]
[WhiteClock "0:00:23"]
[BlackClock "0:01:15"]

1. e4 c6 2. d4 d5 3. Nd2 g6 4. e5 Bg7 5. Ngf3 Nh6 6. Be2 O-O 7. c3 f6 8. exf6 exf6 9. O-O Nf5 10. Re1 Nd6 11. Nf1 Nd7 12. Ng3 Nb6 13. b3 Bg4 14. Be3 Qd7 15. Qd2 Ne4 16. Qc1 Rae8 17. Bh6 Nxc3 18. Bxg7 Nxe2+ 19. Rxe2 Kxg7 20. Rxe8 Rxe8 21. Qc3 Nc8 22. Re1 Bxf3 23. Rxe8 Qxe8 24. Qxf3 Qe1+ 25. Nf1 Nd6 26. g3 Ne4 27. Kg2 Qxf1+ 28. Kxf1 Nd2+ 29. Ke2 Nxf3 30. Kxf3 a5 31. a4 Kf7 32. h4 Ke6 33. g4 h5 34. gxh5 gxh5 35. Kf4 b6 36. f3 c5 37. dxc5 bxc5 38. Ke3 Kf5 39. Kd3 Kf4 40. Ke2 Kg3 41. Ke3 f5 42. f4 Kg4 43. Kd3 Kxf4 44. Kc3 Ke3 45. b4 cxb4+ 46. Kc2 f4 47. Kd1 f3 48. Ke1 d4 49. Kf1 d3 50. Ke1 b3 51. Kd1 b2 52. Ke1 b1=Q# 0-1


[Site "https://www.chess.com"]

[Event "Titled Tuesday Blitz April 05 Late 2022"]
[White "Moussard, Jules"]
[Black "Koellner, Ruben Gideon"]
[WhiteFideId "642908"]
[BlackFideId "12993093"]
[WhiteElo "2589"]
[BlackElo "2564"]
[Result "1-0"]
[Round "03"]
[TimeControl "180+1"]
[Date "2022.04.05"]
[WhiteClock "0:00:14"]
[BlackClock "0:00:01"]

1. Nf3 Nf6 2. b3 d5 3. Bb2 Nbd7 4. c4 e6 5. e3 c6 6. d4 Ne4 7. Nbd2 f5 8. Bd3 Bd6 9. O-O Qf6 10. Qc1 g5 11. cxd5 exd5 12. Ne5 Nxe5 13. dxe5 Bxe5 14. Bxe5 Qxe5 15. f4 gxf4 16. Nf3 Qc3 17. Qd1 fxe3 18. Qe2 Bd7 19. Qxe3 Qc5 20. Nd4 O-O-O 21. Rac1 Qb6 22. Nxf5 Bxf5 23. Qxb6 axb6 24. Rxf5 Rhe8 25. g3 Nc5 26. Bf1 Re7 27. b4 Ne4 28. a4 Kc7 29. Bd3 Ra8 30. Rxd5 Rxa4 31. Rd4 Nd6 32. Rh4 b5 33. Bxh7 Nc4 34. Bd3 Rxb4 35. Rf4 Rb2 36. Rf2 Rxf2 37. Kxf2 Rd7 38. Be2 Ne5 39. h4 Rf7+ 40. Ke3 b4 41. g4 Re7 42. Kf2 Ng6 43. h5 Nf4 44. Bf1 b3 45. Rb1 b5 46. Rxb3 Ne6 47. Kg3 Rf7 48. Bg2 Kd6 49. Rd3+ Ke5 50. Bxc6 b4 51. Rd5+ Kf6 52. Kh4 Rc7 53. Rf5+ Ke7 54. Bd5 Kd6 55. Bxe6 Kxe6 56. Rb5 Rc4 57. Kg5 Kf7 58. Rb7+ Kf8 59. h6 Kg8 60. Kh5 Rc1 61. g5 Rc4 62. h7+ 1-0


[Site "https://www.chess.com"]

[Event "Titled Tuesday Blitz April 05 Late 2022"]
[White "Najer, Evgeniy"]
[Black "Prohorov, Olexandr"]
[WhiteFideId "4118987"]
[BlackFideId "14105578"]
[WhiteElo "2562"]
[BlackElo "1993"]
[Result "1-0"]
[Round "03"]
[TimeControl "180+1"]
[Date "2022.04.06"]
[WhiteClock "0:01:37"]
[BlackClock "0:00:39"]

1. e4 c5 2. Nf3 e6 3. d4 Nf6 4. e5 Nd5 5. c4 Nc7 6. dxc5 Bxc5 7. Nc3 d6 8. Ne4 Bb4+ 9. Bd2 Bxd2+ 10. Qxd2 dxe5 11. Nd6+ Kf8 12. Nxe5 Nc6 13. Nexf7 Qf6 14. Nxh8 e5 15. Ne4 Qe7 16. Qd6 Be6 17. O-O-O Kg8 18. Qxe7 Nxe7 19. Nc5 Bf5 20. Bd3 b6 21. Bxf5 Nxf5 22. Rd7 Ne8 23. Ne6 Kxh8 24. Rhd1 h6 25. Rd8 Rxd8 26. Rxd8 Nd6 27. Nc7 1-0


[Site "https://www.chess.com"]

[Event "Titled Tuesday Blitz April 05 Late 2022"]
[White "Nasuta, Grzegorz"]
[Black "Szalay, Karoly"]
[WhiteFideId "1141686"]
[BlackFideId "2600544"]
[WhiteElo "2396"]
[BlackElo "2463"]
[Result "1-0"]
[Round "03"]
[TimeControl "180+1"]
[Date "2022.04.06"]
[WhiteClock "0:00:26"]
[BlackClock "0:00:30"]

1. c4 c5 2. g3 Nc6 3. Bg2 g6 4. Nc3 Bg7 5. e3 e5 6. Nge2 Nge7 7. O-O d6 8. d4 O-O 9. dxc5 dxc5 10. b3 b6 11. Nd5 Bb7 12. Bb2 Qc8 13. Nec3 Rd8 14. Qe2 Nxd5 15. Nxd5 Rd6 16. Rad1 Qd7 17. Rd2 Rd8 18. Rfd1 Qe6 19. h4 Kf8 20. h5 f5 21. a3 e4 22. Bxg7+ Kxg7 23. Nf4 Qf6 24. hxg6 hxg6 25. g4 Ne5 26. Rxd6 Rxd6 27. Rxd6 Qxd6 28. gxf5 gxf5 29. Qh5 Qf6 30. Qe8 Bc6 31. Nh5+ Kh6 32. Nxf6 Bxe8 33. Nxe8 a6 34. Nd6 Kg6 35. Bh3 Nf3+ 36. Kg2 Nd2 37. Bxf5+ Kf6 38. Nxe4+ 1-0


[Site "https://www.chess.com"]

[Event "Titled Tuesday Blitz April 05 Late 2022"]
[White "Nazaretyan, Tigran"]
[Black "Martin Duque, Jesus"]
[WhiteFideId "24162345"]
[BlackFideId "2208954"]
[WhiteElo "2225"]
[BlackElo "2243"]
[Result "1/2-1/2"]
[Round "03"]
[TimeControl "180+1"]
[Date "2022.04.06"]
[WhiteClock "0:00:19"]
[BlackClock "0:00:05"]

1. d4 Nf6 2. c4 b6 3. Nc3 Bb7 4. d5 e6 5. a3 Bd6 6. e4 Be5 7. Bd3 Bxc3+ 8. bxc3 d6 9. Ne2 Nbd7 10. a4 a5 11. O-O O-O 12. Nd4 Re8 13. Re1 Nc5 14. Bc2 Qd7 15. Bg5 Qe7 16. e5 dxe5 17. Rxe5 Ncd7 18. Re3 Qc5 19. Bxf6 Nxf6 20. dxe6 fxe6 21. Nxe6 Qc6 22. Nf4 Rxe3 23. fxe3 Re8 24. Qd4 g5 25. Nd5 Nxd5 26. cxd5 Qxd5 27. Qxd5+ Bxd5 28. Kf2 Rf8+ 29. Kg3 h5 30. h4 gxh4+ 31. Kxh4 Rf2 32. Bg6 Rxg2 33. e4 Rxg6 34. exd5 Rg4+ 35. Kxh5 Rc4 36. Re1 Kf8 37. Kg6 Rxa4 38. Kf6 Rc4 39. Re3 Rc5 40. Ke6 Ke8 41. Rh3 Kf8 42. Kf6 Kg8 43. Rg3+ Kf8 44. Rh3 Ke8 45. Ke6 Kf8 46. Kf6 1/2-1/2


[Site "https://www.chess.com"]

[Event "Titled Tuesday Blitz April 05 Late 2022"]
[White "Nilsson, Joakim"]
[Black "Araujo Filho, Luiz Antonio Coel"]
[WhiteFideId "1723383"]
[BlackFideId "2130661"]
[WhiteElo "2207"]
[BlackElo "2252"]
[Result "0-1"]
[Round "03"]
[TimeControl "180+1"]
[Date "2022.04.06"]
[WhiteClock "0:02:47"]
[BlackClock "0:02:14"]

1. d4 f5 2. Bg5 g6 3. e3 Bg7 4. h4 Nf6 5. Nc3 d5 6. Nf3 c6 7. Ne5 Nbd7 8. Nxd7 Bxd7 9. Bd3 Qb6 10. Qc1 Ne4 11. Bxe4 fxe4 12. Ne2 e5 13. c3 h6 14. dxe5 hxg5 15. Qd2 gxh4 0-1


[Site "https://www.chess.com"]

[Event "Titled Tuesday Blitz April 05 Late 2022"]
[White "Onslow, Alfie"]
[Black "Zhou, Qiyu"]
[WhiteFideId "436976"]
[BlackFideId "505161"]
[WhiteElo "1884"]
[BlackElo "1925"]
[Result "1-0"]
[Round "03"]
[TimeControl "180+1"]
[Date "2022.04.06"]
[WhiteClock "0:00:51"]
[BlackClock "0:01:39"]

1. e4 e5 2. Bc4 Nc6 3. d3 Bc5 4. Nc3 Nf6 5. f4 d6 6. f5 h6 7. Nf3 Bd7 8. Qe2 Qe7 9. a3 O-O-O 10. Be3 Nd4 11. Bxd4 exd4 12. Nd5 Nxd5 13. Bxd5 Rhe8 14. b4 Bb6 15. a4 c6 16. Bb3 a6 17. O-O Bxf5 18. b5 cxb5 19. axb5 a5 20. Qd2 Be6 21. Kh1 Kb8 22. Ra4 Qc7 23. Nxd4 Bxd4 24. Rxd4 b6 25. Bxe6 fxe6 26. Rc4 Qb7 27. Rc6 Re7 28. Qe3 Ka7 29. Ra1 Rf7 30. Rxa5+ Kb8 31. Ra1 d5 32. Rxb6 1-0


[Site "https://www.chess.com"]

[Event "Titled Tuesday Blitz April 05 Late 2022"]
[White "Ovetchkin, Roman"]
[Black "Sjugirov, Sanan"]
[WhiteFideId "4119991"]
[BlackFideId "4189302"]
[WhiteElo "2409"]
[BlackElo "2602"]
[Result "1-0"]
[Round "03"]
[TimeControl "180+1"]
[Date "2022.04.05"]
[WhiteClock "0:00:03"]
[BlackClock "0:00:01"]

1. d4 Nf6 2. c4 e6 3. g3 d5 4. Nf3 Bb4+ 5. Bd2 Be7 6. Bg2 O-O 7. O-O c6 8. Qc2 b6 9. Rd1 Nbd7 10. Bf4 Ba6 11. Nbd2 Nh5 12. Be5 Rc8 13. e4 Nhf6 14. Bxf6 Nxf6 15. e5 Nd7 16. cxd5 cxd5 17. Qa4 Nb8 18. Bf1 Bxf1 19. Nxf1 a6 20. Ne3 b5 21. Qb3 Nc6 22. h4 Na5 23. Qd3 Nc4 24. Rab1 Qa5 25. Ng4 h5 26. Ngh2 Qxa2 27. Ra1 Nxb2 28. Rxa2 Nxd3 29. Rxd3 Rc6 30. Nf1 Ra8 31. Rb3 b4 32. Ne3 a5 33. Ra4 Kf8 34. Rb1 Ke8 35. Nd2 Rc3 36. Nb3 Bd8 37. Kf1 Bb6 38. Ke2 Kd7 39. Kd2 Kc6 40. Nc1 Kb5 41. Rbxb4+ axb4 42. Rxa8 Bxd4 43. Ne2 Bxe3+ 44. fxe3 Ra3 45. Rb8+ Kc6 46. Nd4+ Kc5 47. Rc8+ Kb6 48. Rc6+ Ka5 49. Rc7 Ra2+ 50. Kd3 Ra3+ 51. Kd2 Ra2+ 52. Rc2 Ra3 53. Rc8 Ra2+ 54. Kd3 Ra3+ 55. Ke2 Ra2+ 56. Kf3 Rd2 57. Rc7 Kb6 58. Rxf7 Rd3 59. Rf8 Kb7 60. Ke2 Rc3 61. Rf7+ Kb6 62. Rf8 Kb7 63. Nxe6 b3 64. Rf1 Kb6 65. Rb1 Kb5 66. Nd4+ Kc4 67. Rxb3 1-0


[Site "https://www.chess.com"]